 Dungeon Crawl Stone Soup version 0.31-a0-978-g1e143483b6 (webtiles) character file.

Game seed: 4997038870503346151

46071 serber55 the Grappler (level 13, -22/96 (106) HPs)
             Began as a Demonspawn Shapeshifter on Oct 31, 2023.
             Was a High Priest of Ru.
             Killed from afar by a fire dragon (34 damage)
             ... with a blast of flame
             ... on level 5 of the Lair of Beasts.
             The game lasted 01:03:05 (19325 turns).

serber55 the Grappler (Demonspawn Shapeshifter)    Turns: 19325, Time: 01:03:06

HP:   -22/96 (106)  AC: 11    Str: 18    XL:     13   Next: 3%
MP:   0/13          EV: 11    Int: 11    God:    Ru [*****.]
Gold: 744           SH:  0    Dex: 15    Spells: 12/12 levels left

rFire   . .          .
                       - Unarmed
rCold   . . .        (no shield)
rNeg    . . .        l - melded +3 robe "Pixkokky" {+Blink Will- Str+3}
rPois   .            p - +2 helmet
rElec   .            f - +1 cloak
rCorr   .            w - +2 pair of gloves {Stlth+}
SInv    +            (no boots)
Will    .....        m - amulet of guardian spirit Stlth
                     r - ring of see invisible
HPRegen 0.36/turn    (no ring)
MPRegen 0.13/turn

%: guardian spirit
@: maw-form, studying Poison Magic, drained
A: devouring maw, hooves 1, icy blue scales 2, demonic guardian 3, icemail 1, no
stealth, inability to train dodging, inability to train armour, inexperienced 1,
condensation shield, wild magic 1
a: Begin Untransformation, Renounce Religion, Draw Out Power, Power Leap,
Apocalypse


You were on level 5 of the Lair of Beasts.
You worshipped Ru.
Ru was extremely pleased with you.
You were a creature with a mouth for a stomach.
You visited 3 branches of the dungeon, and saw 16 of its levels.

You collected 942 gold pieces.
You spent 198 gold pieces at shops.

Inventory:

Missiles
 e - 32 poisoned darts (quivered)
 A - 2 throwing nets
Armour
 f - a +1 cloak (worn)
 l - the +3 robe "Pixkokky" (melded) {+Blink Will- Str+3}
   (You found it on level 10 of the Dungeon)

   Str+3:     It affects your strength (+3).
   Will-:     It decreases your willpower.
   +Blink:    It lets you blink.
 p - a +2 helmet (worn)
 w - a +2 pair of gloves of stealth (worn)
Jewellery
 m - an amulet of guardian spirit (around neck)
 r - a ring of see invisible (left hand)
 v - a ring of ice
Talismans
 d - a flux talisman
 o - a maw talisman (active)
 s - a serpent talisman
Wands
 b - a wand of charming (16)
 c - a wand of light (4)
 g - a wand of flame (19)
 F - a wand of roots (4)
Scrolls
 j - 3 scrolls of blinking
 k - 3 scrolls of poison
 t - 4 scrolls of vulnerability
 x - 3 scrolls of teleportation
 y - 5 scrolls of noise
 C - a scroll of fog
 D - a scroll of torment
 G - a scroll of revelation {unknown}
Potions
 a - a potion of curing
 i - 2 potions of attraction
 n - 2 potions of cancellation
 u - a potion of resistance
 z - a potion of brilliance
 B - 2 potions of haste
 E - a potion of heal wounds


   Skills:
 + Level 11.6 Fighting
   Level 0.0 Dodging
 * Level 12.7 Unarmed Combat
 + Level 12.6 Shapeshifting


You had 12 spell levels left.
You didn't know any spells.
Your spell library contained the following spells:

 Spells                   Type           Power      Damage    Failure   Level
 Blink                    Tloc           0%         N/A       56%         2
 Ensorcelled Hibernation  Hex/Ice        0%         N/A       56%         2
 Passwall                 Tmut/Erth      0%         N/A       56%         2
 Swiftness                Air            0%         N/A       78%         3
 Volatile Blastmotes      Fire/Tloc      0%         2d10      78%         3
 Fulminant Prism          Conj/Hex       0%         3d5       99%         4
 Iskenderun's Mystic Bla  Conj/Tloc      0%         2d3       99%         4
 Manifold Assault         Tloc           0%         N/A       99%         4


Dungeon Overview and Level Annotations

Branches:
Dungeon (10/15)            Temple (1/1) D:7            Lair (5/5) D:9
 Shoals (0/4) Lair:2       Spider (0/4) Lair:3        Slime (0/5) Lair:5
    Orc: D:9-12

Altars:
Ashenzari
Cheibriados
Dithmenos
Fedhas
Gozag
Hepliaklqana
Kikubaaqudgha
Makhleb
Nemelex Xobeh
Okawaru
Qazlal
Ru
Sif Muna
Trog
Uskayaw
Vehumet
Wu Jian
Xom
Yredelemnul
Jiyva

Shops:
D:4 ?   D:5 [   D:9 [


Innate Abilities, Weirdness & Mutations

You are a creature with a mouth for a stomach.
Your midsection houses a second, enormous mouth.
You have large cloven feet.
You are mostly covered in icy blue scales. (AC +3)
A powerful demonic guardian rushes to your aid.
A meltable icy envelope protects you from harm. (AC +0)
You cannot be stealthy.
You cannot train Dodging skill.
You cannot train Armour skill.
You are somewhat inexperienced. (-1 XL)
A meltable shield of frost defends you. (SH +0)
Your spells are a little harder to cast, but a little more powerful.


Message History

Your hell beast tramples the fire dragon.
The fire dragon holds its ground!
Your hell beast is engulfed in a cloud of scalding steam.
Your hell beast bites the fire dragon!
Your hell beast tramples the fire dragon but does no damage.
The fire dragon bites your hell beast!
The fire dragon claws your hell beast but does no damage.
The fire dragon barely misses your hell beast.
Your hell beast is engulfed in a cloud of scalding steam.
Your hell beast barely misses the fire dragon. x2
Unknown command.
Your hell beast disappears in a puff of smoke!
Okay, then.
You enter the shallow water.
Moving in this stuff is going to be slow.
You feel less exhausted. The fire dragon breathes flames at you.
The blast of flame hits you!!!
Your icy defences dissipate!
* * * LOW HITPOINT WARNING * * *
A demonic guardian appears!
The blast of flame hits your sixfirhy!!!
Your sixfirhy dies!
Your sixfirhy disappears in a puff of smoke!
The blast of flame hits the plant!!
The plant begins to die.
Blink to where?
Press: ? - help, Dir - move target
As you read the scroll of blinking, it crumbles to dust.
You enter the shallow water.
Moving in this stuff is going to be slow.
You enter the shallow water.
Moving in this stuff is going to be slow.
You enter the shallow water.
Moving in this stuff is going to be slow.
You see here a komodo dragon skeleton.
Okay, then.
Okay, then.
The fire dragon breathes flames at you. The blast of flame hits you!!!
You die...

#.#(...........(..............
##............)...............
##...........................
###..(........................
#.................)...........
###################÷..........
♣............
♣♣♣♣♣♣♣♣♣♣~[..........
♣♣♣♣P♣.♣W.♣♣~............
♣♣)P...~§≈[~~~~...........
♣♣♣...♣♣.§~≈♣~..P...........
♣♣..♣..♣~.≈♣♣♣♣♣♣............
♣♣......~~♣♣..♣♣♣♣#...........
♣..≈..~.D♣♣♣.....♣#...........
♣...≈..~≈♣.♣♣♣..♣♣##..........
♣..~~♣♣♣..≈....♣.♣ #..........
....~♣ ♣♣..≈...♣♣♣ #..........


There were no monsters in sight!

Vanquished Creatures
  Josephine (Lair:3)
  3 hydras
  A catoblepas (Lair:5)
  9 death yaks
  Urug (Lair:5)
  2 skysharks (Lair:5)
  Nergalle (Lair:1)
  Amaemon (D:9)
  A lindwurm (Lair:3)
  9 elephants
  5 black mambas
  An orange demon (D:8)
  9 cane toads
  Maggie (Lair:1)
  4 rime drakes
  10 komodo dragons
  2 trolls (D:10)
  A polar bear (Lair:1)
  4 blink frogs (Lair:4)
  2 hornets (Lair:4)
  4 dream sheep (Lair:5)
  A slime creature (Lair:1)
  10 spriggans (Lair:4)
  A culicivora (Lair:3)
  2 wyverns
  5 wraiths (Lair:3)
  24 yaks
  Grum (Lair:1)
  5 basilisks
  3 steam dragons
  2 redbacks (Lair:3)
  2 wargs (Lair:5)
  4 acid dragons
  12 water moccasins
  An orc warrior (D:8)
  2 sky beasts
  2 black bears
  An ice beast (D:7)
  3 wolves
  3 ogres
  A centaur (D:9)
  3 boggarts (Lair:4)
  4 kobold brigands
  A phantom (D:4)
  14 bullfrogs
  3 scorpions
  A gnoll sergeant (D:10)
  Dowan (D:7)
  2 wights (D:9)
  3 killer bees (D:9)
  A howler monkey (D:10)
  10 jellies
  4 hounds
  An orc priest (D:7)
  4 iguanas
  2 sleepcaps
  4 orc wizards
  7 gnolls
  2 adders
  4 ufetubi (D:6)
  3 worms
  7 dart slugs
  23 orcs
  3 ball pythons
  6 bats
  16 endoplasms
  2 giant cockroaches (D:3)
  2 goblins
  9 hobgoblins
  7 jackals
  26 kobolds
  3 quokkas
  A frilled lizard (D:1)
  2 rats (D:1)
338 creatures vanquished.

Vanquished Creatures (collateral kills)
  3 death yaks (Lair:2)
  A skyshark (Lair:3)
  A swamp dragon (Lair:5)
  5 elephants
  A gargoyle (D:7)
  A cane toad (Lair:1)
  A hornet (Lair:4)
  2 spriggans (Lair:4)
  A wyvern (Lair:1)
  A steam dragon (Lair:5)
  A redback simulacrum (D:10)
  A water moccasin (Lair:4)
  Duvessa (D:7)
  2 wolves (Lair:1)
  An ogre (D:5)
  A phantom (D:4)
  A gnoll sergeant (D:5)
  An orc priest (D:2)
  4 iguanas
  An adder (D:5)
  4 gnolls
  3 orcs
  A giant cockroach (D:2)
  A kobold (D:10)
40 creatures vanquished.

Vanquished Creatures (others)
  A cane toad (Lair:5)
  A culicivora (Lair:3)
  A yak (Lair:2)
  A wight (D:9)
4 creatures vanquished.

Grand Total: 382 creatures vanquished

Notes
Turn   | Place    | Note
-------+----------+-------------------------------------------
     0 | D:1      | serber55 the Demonspawn Shapeshifter began the quest for
                  | the Orb.
     0 | D:1      | Reached XP level 1. HP: 15/15 MP: 1/1
   143 | D:1      | Gained mutation: A weak demonic guardian rushes to your
                  | aid. [demonic ancestry]
   143 | D:1      | Reached XP level 2. HP: 14/21 MP: 2/2
   431 | D:1      | Gained mutation: You are partially covered in icy blue
                  | scales. (AC +2) [demonic ancestry]
   431 | D:1      | Reached XP level 3. HP: 18/26 MP: 3/3
  1139 | D:2      | Reached XP level 4. HP: 27/33 MP: 4/4
  1846 | D:3      | Reached XP level 5. HP: 20/38 MP: 5/5
  2113 | D:3      | Identified the +0 leather armour "Cyimew" {Dex+7 SInv}
  2197 | D:4      | Noticed a phantom
  2405 | D:4      | Noticed an ogre
  2415 | D:4      | Killed an ogre
  2416 | D:4      | Gained mutation: A demonic guardian rushes to your aid.
                  | [demonic ancestry]
  2416 | D:4      | Reached XP level 6. HP: 46/46 MP: 6/6
  2609 | D:4      | Found Ycyiprem's Magic Scroll Shoppe.
  2613 | D:4      | Bought a scroll of teleportation for 33 gold pieces
  2613 | D:4      | Bought a scroll of identify for 22 gold pieces
  2613 | D:4      | Bought a scroll of identify for 22 gold pieces
  2613 | D:4      | Bought a scroll of noise for 11 gold pieces
  2613 | D:4      | Bought a scroll of identify for 22 gold pieces
  2613 | D:4      | Bought a scroll of poison for 44 gold pieces
  2613 | D:4      | Bought a scroll of amnesia for 44 gold pieces
  3207 | D:5      | Entered Level 5 of the Dungeon
  3386 | D:5      | Gained mutation: A meltable shield of frost defends you.
                  | (SH +0) [demonic ancestry]
  3386 | D:5      | Reached XP level 7. HP: 44/52 MP: 7/7
  3428 | D:5      | Found Moalas's Armour Emporium.
  3555 | D:5      | Reached skill level 5 in Unarmed Combat
  4790 | D:6      | Noticed a steam dragon
  4806 | D:6      | Killed a steam dragon
  4807 | D:6      | Gained mutation: You have large cloven feet. [demonic
                  | ancestry]
  4807 | D:6      | Reached XP level 8. HP: 57/60 MP: 8/8
  4966 | D:6      | Reached skill level 5 in Shapeshifting
  6027 | D:7      | Noticed a gargoyle
  6038 | D:7      | Killed a gargoyle
  6039 | D:7      | Reached skill level 5 in Fighting
  6153 | D:7      | Noticed Dowan
  6163 | D:7      | Killed Dowan
  6164 | D:7      | Reached skill level 5 in Dodging
  6222 | D:7      | Found a staircase to the Ecumenical Temple.
  6231 | Temple   | Entered the Ecumenical Temple
  6253 | Temple   | Became a worshipper of Ru the Awakened
  6327 | D:7      | Noticed Duvessa
  6338 | D:7      | Killed Duvessa
  6519 | D:7      | Gained mutation: A powerful demonic guardian rushes to your
                  | aid. [demonic ancestry]
  6519 | D:7      | Reached XP level 9. HP: 60/68 MP: 9/9
  7782 | D:8      | Gained mutation: You are somewhat inexperienced. (-1 XL)
                  | [Ru sacrifice]
  7782 | D:8      | Reached XP level 8. HP: 64/64 MP: 8/8
  7782 | D:8      | Reached * piety under Ru
  7782 | D:8      | Reached ** piety under Ru
  8249 | D:9      | HP: 2/64 [wight/+1 scimitar of protection (9)]
  8474 | D:9      | Found Gedam's Armour Emporium.
  8518 | D:9      | Noticed an orange demon
  8524 | D:9      | Noticed Amaemon
  8557 | D:8      | Killed an orange demon
  8558 | D:8      | Reached XP level 9. HP: 17/71 MP: 4/9
  8916 | D:9      | Found a staircase to the Lair.
  9017 | D:9      | Killed Amaemon
  9084 | D:10     | Entered Level 10 of the Dungeon
  9474 | D:10     | Identified the +2 robe of the Gardener {rC++}
  9872 | D:10     | Identified the +3 robe "Pixkokky" {+Blink Will- Str+3}
 10380 | Lair:1   | Entered Level 1 of the Lair of Beasts
 10430 | Lair:1   | Noticed a cane toad
 10440 | Lair:1   | Killed a cane toad
 10526 | Lair:1   | Noticed Maggie
 10531 | Lair:1   | Noticed a cane toad
 10543 | Lair:1   | Killed Maggie
 10552 | Lair:1   | Killed a cane toad
 10553 | Lair:1   | Gained mutation: A meltable icy envelope protects you from
                  | harm. (AC +0) [demonic ancestry]
 10553 | Lair:1   | Reached XP level 10. HP: 43/80 MP: 2/10
 10700 | Lair:1   | Gained mutation: You cannot train Armour skill. [Ru
                  | sacrifice]
 10700 | Lair:1   | Reached *** piety under Ru
 11611 | Lair:1   | Noticed Nergalle
 11626 | Lair:1   | Noticed a spectral orc warlord
 11626 | Lair:1   | Killed Nergalle
 11627 | Lair:1   | Reached skill level 10 in Shapeshifting
 11956 | Lair:1   | Noticed Grum
 11981 | Lair:1   | Killed Grum
 12056 | Lair:1   | Noticed a five-headed hydra
 12067 | Lair:1   | Killed a five-headed hydra
 12951 | Lair:2   | Found a staircase to the Shoals.
 13255 | Lair:2   | Reached XP level 11. HP: 59/87 MP: 8/11
 13374 | Lair:2   | Noticed a death yak
 13374 | Lair:2   | Noticed a death yak
 13374 | Lair:2   | Noticed a death yak
 13374 | Lair:2   | Noticed a death yak
 13388 | Lair:2   | Noticed a death yak
 13388 | Lair:2   | Noticed a death yak
 13394 | Lair:2   | Killed a death yak
 13406 | Lair:2   | Killed a death yak
 13427 | Lair:2   | Killed a death yak
 13428 | Lair:2   | Killed a death yak
 14071 | Lair:2   | Killed a death yak
 14076 | Lair:2   | Killed a death yak
 14512 | Lair:3   | Gained mutation: You cannot train Dodging skill. [Ru
                  | sacrifice]
 14512 | Lair:3   | Reached **** piety under Ru
 14512 | Lair:3   | Reached ***** piety under Ru
 14624 | Lair:3   | Reached skill level 10 in Unarmed Combat
 14926 | Lair:3   | Noticed Josephine
 14929 | Lair:3   | Reached skill level 10 in Fighting
 14936 | Lair:3   | Killed Josephine
 15607 | Lair:3   | Found a hole to the Spider Nest.
 15877 | Lair:4   | Noticed a death yak
 15878 | Lair:4   | Noticed a death yak
 15878 | Lair:4   | Noticed a death yak
 15878 | Lair:4   | Noticed a death yak
 15878 | Lair:4   | Noticed a death yak
 15878 | Lair:4   | Noticed a death yak
 15879 | Lair:4   | Killed a death yak
 15884 | Lair:4   | Killed a death yak
 15885 | Lair:4   | Reached XP level 12. HP: 82/87 MP: 3/12
 17184 | Lair:4   | Gained mutation: You cannot be stealthy. [Ru sacrifice]
 17610 | Lair:5   | Entered Level 5 of the Lair of Beasts
 17705 | Lair:5   | Gained mutation: Your spells are a little harder to cast,
                  | but a little more powerful. [potion of mutation]
 18565 | Lair:5   | Found a viscous altar of Jiyva.
 18567 | Lair:5   | Found a staircase to the Slime Pits.
 18682 | Lair:5   | Noticed Urug
 18700 | Lair:5   | Killed Urug
 19149 | Lair:5   | Gained mutation: You are mostly covered in icy blue scales.
                  | (AC +3) [demonic ancestry]
 19149 | Lair:5   | Reached XP level 13. HP: 65/98 MP: 4/13
 19325 | Lair:5   | Killed from afar by a fire dragon

Illustrated notes

Levels and vault maps discovered:
D:1:      dpeg_arrival_rooms_c, layout_basic
D:2:      layout_rooms, minivault_5
D:3:      layout_basic, zin_scriptorium
D:4:      layout_basic, serial_shops, nicolae_shop_back_alley_shop
D:5:      layout_basic, serial_shops, nicolae_shop_hallway_stairs
D:6:      layout_basic, kennysheep_generic_room_13
D:7:      minmay_clustersquares, layout_basic, minmay_temple_entry_waves,
          uniq_duvessa
D:8:      layout_basic
D:9:      layout_loops_cross, david_lair_shrubbed, serial_shops, shop,
          hive_lemuel, uniq_amaemon
D:10:     layout_cave_pools
Temple:   mainiacjoe_temple_circle_huts
Lair:1:   lemuel_slime, layout_layer_cave, columned_hall_lemuel, uniq_nergalle,
          uniq_grum, uniq_maggie
Lair:2:   layout_chaotic_city, shoals_dummy_entry
Lair:3:   layout_layer_cave, spider_nest_entry_funnel_web,
          dreamdust_mushroom_princess, uniq_josephine
Lair:4:   kb_forest_paths, layout_regular_city
Lair:5:   guppyfry_lair_end_dragon, layout_regular_city,
          hangedman_lair_caniforms_friends, slime_entry_2, uniq_urug

Skill      XL: |  1  2  3  4  5  6  7  8  9 10 11 12 |
---------------+-------------------------------------+-----
Dodging        | 2 3 4 6 7 8 0 |  0.0
Unarmed Combat | 3 4 5 7 8 9 10 12 | 12.7
Shapeshifting  | 3 4 6 9 10 11 12 | 12.6
Fighting       | 2 3 4 5 7 8 10 11 | 11.6

Action                     |  1- 3 |  4- 6 |  7- 9 | 10-12 | 13-15 || total
---------------------------+-------+-------+-------+-------+-------++-------
  Melee: Unarmed           |   127 |   166 |   474 |   738 |    12 ||  1517
         Punch             |     1 |     5 |    12 |    50 |       ||    68
         Kick              |       |       |   157 |   296 |     1 ||   454
         Maw               |       |       |       |   256 |     1 ||   257
  Throw: Dart              |       |       |     1 |       |       ||     1
 Invoke: Sacrifice Experie |       |       |     1 |       |       ||     1
         Sacrifice Durabil |       |       |       |     1 |       ||     1
         Power Leap        |       |       |       |     6 |       ||     6
         Apocalypse        |       |       |       |     2 |       ||     2
         Sacrifice Nimblen |       |       |       |     1 |       ||     1
         Draw Out Power    |       |       |       |     3 |     1 ||     4
         Sacrifice Stealth |       |       |       |     1 |       ||     1
  Evoke: Wand              |       |     4 |     9 |     5 |       ||    18
    Use: Scroll            |       |     9 |     8 |     4 |     1 ||    22
         Potion            |       |       |     7 |     1 |     1 ||     9
   Stab: Sleeping          |       |     1 |     6 |     4 |       ||    11
         Distracted        |       |       |     1 |     4 |       ||     5
         Paralysed         |       |       |       |     3 |       ||     3
         Invisible         |       |       |       |     9 |       ||     9
 Armour: Animal skin       |     7 |       |       |       |       ||     7
         Leather armour    |    63 |    83 |   192 |       |       ||   338
         Skin              |       |       |    33 |   343 |     9 ||   385
         Robe              |       |       |    43 |    48 |       ||    91
  Dodge: Dodged            |    76 |    71 |   286 |   292 |     9 ||   734
  Block: Other             |       |       |    55 |    82 |       ||   137
   Form: Flux              |       |       |     1 |       |       ||     1
         Maw               |       |       |       |     2 |       ||     2
         Anaconda          |       |       |       |     1 |       ||     1

Table legend: (Time is in decaauts)
 A = Elapsed time spent in this place.
 B = Non-inter-level travel time spent in this place.
 C = Inter-level travel time spent in this place.
 D = Time resting spent in this place.
 E = Time spent auto-exploring this place.
 F = Levels seen in this place.
 G = Mean time per level.
                   A        B        C        D        E       F      G
               +--------+--------+--------+--------+--------+-----+--------+
         Total |  19129 |  18517 |    612 |   5555 |   9770 |  16 | 1195.6 |
       Dungeon |  10459 |   9986 |    473 |   2983 |   5348 |  10 | 1045.9 |
        Temple |     44 |      2 |     42 |      0 |      0 |   1 |   44.0 |
          Lair |   8624 |   8528 |     96 |   2571 |   4422 |   5 | 1724.8 |
               +--------+--------+--------+--------+--------+-----+--------+

Top non-repeatable levels by time:
  Lair:1: 2459 daAuts
  Lair:5: 1691 daAuts
  Lair:3: 1663 daAuts
     D:9: 1582 daAuts
  Lair:4: 1553 daAuts
     D:5: 1439 daAuts
  Lair:2: 1257 daAuts
     D:8: 1217 daAuts
     D:7: 1152 daAuts
     D:6: 1138 daAuts
     D:4: 976 daAuts
     D:3: 821 daAuts
    D:10: 742 daAuts
     D:2: 695 daAuts
     D:1: 694 daAuts
